[Event "Team 45 45 League T35"]
[Site "Internet Chess Club"]
[Date "2007.11.10"]
[Round "4"]
[White "jaybird"]
[Black "reijo"]
[Result "0-1"]
[WhiteElo "1653"]
[BlackElo "1589"]
[Opening "Queen's pawn: stonewall attack"]
[ECO "D00"]
[Time "10:29:02"]
[TimeControl "2700+45"]

1. d4 d5 2. e3 Nf6 3. Bd3 e6 4. c3 c5 5. Nd2 Nc6 6. Ngf3 Be7 7. O-O O-O 8. Re1
b6 9. e4 Qc7 10. e5 Nd7 11. Nf1 cxd4 12. cxd4 Nb4 13. Be2 Nc2 14. Bd2 Nxa1 15.
Qxa1 a5 16. Rc1 Qa7 17. Qb1 Ba6 18. Bxa6 Qxa6 19. Rc7 Ra7 20. Qc2 Rxc7 21. Qxc7
Qc8 22. Qa7 Bd8 23. b4 f6 24. bxa5 Rf7 25. axb6 Nxe5 26. Qa3 Nxf3+ 27. Qxf3 Bxb6
28. Be3 Ra7 29. Qe2 Qc4 30. Qb2 Qc6 31. Nd2 Rc7 32. Nb3 Qc2 33. Qa3 Qd1# {White
checkmated} 0-1

[Event "Team 45 45 League T35"]
[Site "Internet Chess Club"]
[Date "2007.11.14"]
[Round "4"]
[White "andrew28"]
[Black "alastorx"]
[Result "1-0"]
[WhiteElo "1784"]
[BlackElo "1795"]
[Opening "Scandinavian (center counter) defense"]
[ECO "B01"]
[Time "15:52:36"]
[TimeControl "2700+45"]

1. e4 d5 2. e5 c5 3. d4 Nc6 4. dxc5 Nxe5 5. Nc3 Nf6 6. Qd4 Nc6 7. Bb5 Bd7 8.
Bxc6 bxc6 9. Nf3 e6 10. O-O Rb8 11. b4 Be7 12. Bf4 O-O 13. Bxb8 Qxb8 14. Ne5 Qc7
15. a4 Rb8 16. Rab1 a6 17. a5 Ne8 18. Na4 f6 19. Nxd7 Qxd7 20. c4 e5 21. Qd3 d4
22. Rfc1 Nc7 23. Nb6 Qe6 24. b5 axb5 25. cxb5 Nxb5 26. Rxb5 cxb5 27. c6 Bd8 28.
c7 Bxc7 29. Rxc7 Qa2 30. h3 Qxa5 31. Qb3+ Kh8 32. Qc2 Qa6 33. Nd5 Qe6 34. Ne7 e4
35. Ra7 d3 36. Qc7 Re8 37. Ng6+ Kg8 38. Qxg7# {Black checkmated} 1-0

[Event "Team 45 45 League T35"]
[Site "Internet Chess Club"]
[Date "2007.11.10"]
[Round "4"]
[White "chinta"]
[Black "crisgrossi"]
[Result "1-0"]
[WhiteElo "1600"]
[BlackElo "1592"]
[Opening "Sicilian: Grand Prix attack"]
[ECO "B21"]
[Time "04:59:52"]
[TimeControl "2700+45"]

1. e4 c5 2. f4 Nc6 3. Nf3 e6 4. c3 Be7 5. d4 cxd4 6. cxd4 Bh4+ 7. g3 Be7 8. Bd2
Qb6 9. Bc3 Nf6 10. Bd3 d5 11. e5 Ne4 12. Bxe4 dxe4 13. Nfd2 Nxd4 14. Nxe4 Nf5
15. Na3 O-O 16. Nc4 Qc7 17. Qe2 Bd7 18. Ncd6 Nxd6 19. exd6 Bxd6 20. Nxd6 Qxd6
21. Rd1 Qc6 22. O-O Rfe8 23. Qg4 g6 24. Qh4 Qc5+ 25. Rf2 Bc6 26. Qf6 Qxc3 27.
Qxc3 Rac8 28. Qf6 Bd5 29. a3 Rc6 30. Rfd2 Rec8 31. h4 Rc1 32. h5 Rxd1+ 33. Rxd1
gxh5 34. Qg5+ Kf8 35. Qxh5 Rc2 36. Rxd5 exd5 37. Qxd5 Rxb2 38. Qd8+ {Black
resigns} 1-0

[Event "Team 45 45 League T35"]
[Site "Internet Chess Club"]
[Date "2007.11.11"]
[Round "4"]
[White "joshua9"]
[Black "NFK"]
[Result "1-0"]
[WhiteElo "1717"]
[BlackElo "1564"]
[Opening "KGA: Kieseritsky, long whip (Stockwhip, classical) defense"]
[ECO "C39"]
[Time "13:58:36"]
[TimeControl "2700+45"]

1. e4 e5 2. f4 exf4 3. Nf3 g5 4. h4 g4 5. Ne5 h5 6. Bc4 Nh6 7. d4 d6 8. Nd3 Qe7
9. Nc3 f3 10. gxf3 gxf3 11. Qxf3 Bg4 12. Qf2 f6 13. Be3 c6 14. Nf4 Qg7 15. Rg1
Nd7 16. Ne6 Qe7 17. Nc7+ Kd8 18. Nxa8 Kc8 19. Kd2 Kb8 20. Rae1 Kxa8 21. Kc1 Nb6
22. Bb3 Nf7 23. e5 dxe5 24. Bxf7 Qxf7 25. dxe5 f5 26. Bxb6 axb6 27. Qxb6 f4 28.
Re4 Qe7 29. Ra4+ Kb8 30. Qa7+ Kc7 31. Qa5+ Kb8 32. Ne4 Qxh4 33. e6 f3 34. Qe5+
{Black resigns} 1-0

[Event "Team 45 45 League T35"]
[Site "Internet Chess Club"]
[Date "2007.11.10"]
[Round "4"]
[White "Egmont"]
[Black "Juan73"]
[Result "1-0"]
[WhiteElo "1742"]
[BlackElo "1645"]
[Opening "Ruy Lopez: Bird's defense"]
[ECO "C61"]
[Time "08:13:41"]
[TimeControl "2700+45"]

1. e4 e5 2. Nf3 Nc6 3. Bb5 Nd4 4. Nxd4 exd4 5. c3 Bc5 6. Qh5 Qe7 7. d3 Nf6 8.
Qf3 c6 9. Ba4 d5 10. Bc2 Bg4 11. Qf4 Bd6 12. Qg5 dxe4 13. dxe4 h5 14. f3 Bd7 15.
cxd4 Bb4+ 16. Nc3 O-O-O 17. Bd2 Be6 18. a3 Ba5 19. Qxa5 b6 20. Qa6+ Kb8 21. Bf4+
Ka8 22. O-O-O Rhg8 23. Ba4 Qe8 24. d5 Bc8 25. Qe2 b5 26. Bb3 Ba6 27. d6 Qd7 28.
e5 Ne8 29. Ne4 Qb7 30. Nc5 Qb6 31. Nxa6 Qxa6 32. Bxf7 Rf8 33. e6 Rxf7 34. exf7
Nf6 35. Qe7 Qc8 36. Rhe1 a5 37. Be3 c5 38. Bxc5 Qxc5+ 39. Kb1 Rc8 40. f8=Q Rxf8
41. Qxf8+ Kb7 42. Qxg7+ {Black resigns} 1-0

[Event "Team 45 45 League T35"]
[Site "Internet Chess Club"]
[Date "2007.11.11"]
[Round "4"]
[White "HocusPocus"]
[Black "Raisingthebar"]
[Result "1-0"]
[WhiteElo "2134"]
[BlackElo "2077"]
[Opening "Scotch gambit: Dubois-Réti defense"]
[ECO "C55"]
[Time "03:04:21"]
[TimeControl "2700+45"]

1. e4 e5 2. Nf3 Nc6 3. d4 exd4 4. Bc4 Nf6 5. e5 d5 6. Bb5 Ne4 7. Nxd4 Bd7 8.
Bxc6 bxc6 9. O-O Be7 10. Nd2 Nxd2 11. Bxd2 c5 12. Nb3 Rb8 13. Rb1 d4 14. Bf4 Be6
15. Qf3 O-O 16. Rfd1 Bd5 17. Qg3 Kh8 18. Na5 c6 19. Nb3 Bh4 20. Qg4 Be6 21. Qf3
Bd5 22. Qg4 Be6 23. Qf3 Qb6 24. Bg3 Bd5 25. Qg4 Bxg3 26. Qxg3 a5 27. Nc1 c4 28.
Ne2 c5 29. Nf4 Be4 30. Rdc1 c3 31. b3 c4 32. Nh5 Qh6 33. Qg4 Bg6 34. Nf4 cxb3
35. Nxg6+ fxg6 36. axb3 Qd2 37. f3 Qe3+ 38. Kh1 Qxe5 39. Rd1 Rf4 40. Qd7 Rbf8
41. b4 axb4 42. Rxb4 Re8 43. h3 Re7 44. Qd8+ Re8 45. Qd7 Re7 46. Qd8+ Re8 47.
Qd7 Qe2 48. Rbxd4 Rxd4 49. Rxd4 Rg8 50. Qc7 Qxc2 51. Rc4 Qd1+ 52. Kh2 Re8 53.
Rxc3 h6 54. Qf7 Qd6+ 55. f4 Rf8 56. Qc7 Qxc7 57. Rxc7 Rxf4 58. Rc3 Kh7 59. Kg3
g5 60. Rc6 h5 61. Rc2 Kh6 62. Kh2 h4 63. g3 Rf6 64. Kg2 Kg6 65. Rc4 Kh5 66. Rc8
Re6 67. Rh8+ Rh6 68. Rg8 Kg6 69. Rf8 Kh7 70. Rf5 Kg6 71. Rf8 Kh5 72. Rg8 Rg6 73.
g4+ Kh6 74. Rh8# {Black checkmated} 1-0

[Event "Team 45 45 League T35"]
[Site "Internet Chess Club"]
[Date "2007.11.10"]
[Round "4"]
[White "Thor5581"]
[Black "MiroslavR"]
[Result "1/2-1/2"]
[WhiteElo "2006"]
[BlackElo "1927"]
[Opening "King's Indian: Sämisch, 5...O-O"]
[ECO "E81"]
[Time "13:05:22"]
[TimeControl "2700+45"]

1. d4 Nf6 2. c4 g6 3. Nc3 Bg7 4. e4 d6 5. f3 O-O 6. Be3 c5 7. dxc5 dxc5 8. Qxd8
Rxd8 9. Bxc5 Nc6 10. Nd5 Nd7 11. Ba3 e6 12. Nc7 Rb8 13. O-O-O b6 {Game drawn by
mutual agreement} 1/2-1/2

[Event "Team 45 45 League T35"]
[Site "Internet Chess Club"]
[Date "2007.11.11"]
[Round "4"]
[White "jonesey"]
[Black "kolibandi"]
[Result "0-1"]
[WhiteElo "2031"]
[BlackElo "2064"]
[Opening "Sicilian: dragon, Yugoslav attack, Rauser variation"]
[ECO "B76"]
[Time "07:01:37"]
[TimeControl "2700+45"]

1. e4 c5 2. Nf3 d6 3. d4 cxd4 4. Nxd4 Nf6 5. Nc3 g6 6. Be3 Bg7 7. f3 Nc6 8. Qd2
O-O 9. O-O-O Nxd4 10. Bxd4 Be6 11. h4 Qa5 12. Kb1 Rfc8 13. a3 Rab8 14. h5 b5 15.
hxg6 hxg6 16. e5 b4 17. axb4 Qxb4 18. Na2 Qa3 19. Nc1 dxe5 20. Bxe5 Ne4 21. Qd8+
Rxd8 22. Rxd8+ Rxd8 23. bxa3 Nd2+ {White resigns} 0-1

[Event "Team 45 45 League T35"]
[Site "Internet Chess Club"]
[Date "2007.11.10"]
[Round "4"]
[White "vvsi"]
[Black "JimGrange"]
[Result "1/2-1/2"]
[WhiteElo "1753"]
[BlackElo "1867"]
[Opening "KGD: classical variation"]
[ECO "C30"]
[Time "08:16:37"]
[TimeControl "2700+45"]

1. e4 e5 2. f4 Bc5 3. Nf3 d6 4. Bc4 Nc6 5. Nc3 Nf6 6. f5 a6 7. d3 Nd4 8. Bg5 c6
9. Nxd4 Bxd4 10. Qe2 b5 11. Bb3 h6 12. Be3 Qa5 13. Bd2 Qb6 14. Nd1 O-O 15. c3
Bc5 16. Bxf7+ Rxf7 17. b4 d5 18. bxc5 Qxc5 19. Be3 Qd6 20. Nf2 dxe4 21. dxe4 Bb7
22. O-O Qa3 23. Bd2 Rd7 24. Bc1 Qxc3 25. Bb2 Qc5 26. Rac1 Qe7 27. Rfd1 Rad8 28.
Ng4 Nxg4 29. Qxg4 Rxd1+ 30. Rxd1 Rxd1+ 31. Qxd1 c5 32. Qc2 Qd6 33. Qc3 Bxe4 34.
Qxe5 Qxe5 35. Bxe5 Bxf5 36. Bd6 c4 37. Bb4 Kf7 38. Kf2 g6 39. Ke3 Ke6 40. Kd4
Bb1 41. a3 Kf5 42. Bd2 g5 43. h4 Be4 44. hxg5 hxg5 45. g3 Bd3 46. Kc3 Kg4 47.
Kb4 Kxg3 48. Bxg5 Kf3 49. Bd8 Ke2 50. Kc3 Kd1 51. Ba5 Kc1 52. Bb4 Kb1 53. Bc5
Ka1 54. Bd6 Ka2 55. Bc5 Bf1 56. Bd6 Bd3 {Game drawn by mutual agreement} 1/2-1/2

[Event "Team 45 45 League T35"]
[Site "Internet Chess Club"]
[Date "2007.11.11"]
[Round "4"]
[White "Despair"]
[Black "MrPetrov"]
[Result "1/2-1/2"]
[WhiteElo "1926"]
[BlackElo "2185"]
[Opening "Benko's opening"]
[ECO "A00"]
[Time "09:03:15"]
[TimeControl "2700+45"]

1. g3 Nf6 2. d3 g6 3. Bg2 Bg7 4. Nc3 O-O 5. e4 e5 6. Nge2 d6 7. Bg5 h6 8. Bxf6
Bxf6 9. O-O Bg7 10. f4 exf4 11. Rxf4 Nc6 12. d4 g5 13. Rf2 Bg4 14. Bf3 Qd7 15.
Nd5 Rae8 16. Qd3 Bh3 17. Bg2 Bxg2 18. Kxg2 Qg4 19. Nxc7 Qxe4+ 20. Qxe4 Rxe4 21.
Nb5 Nxd4 22. Nexd4 Bxd4 23. Nxd4 Rxd4 24. Re1 {Game drawn by mutual agreement}
1/2-1/2

[Event "Team 45 45 League T35"]
[Site "Internet Chess Club"]
[Date "2007.11.10"]
[Round "4"]
[White "Sleete"]
[Black "fishhead"]
[Result "1-0"]
[WhiteElo "2035"]
[BlackElo "1806"]
[Opening "Alekhine's defense: Scandinavian variation"]
[ECO "B02"]
[Time "16:08:29"]
[TimeControl "2700+45"]

1. e4 Nf6 2. Nc3 d5 3. exd5 Nxd5 4. Bc4 c6 5. Nf3 g6 6. O-O Bg7 7. d4 O-O 8. Qe2
Bg4 9. Bg5 f6 10. Bh4 Kh8 11. Rae1 Re8 12. Bg3 Nxc3 13. bxc3 e5 14. Nxe5 Bxe2
15. Nf7+ Kg8 16. Nxd8+ Kf8 17. Bd6+ {Black resigns} 1-0

[Event "Team 45 45 League T35"]
[Site "Internet Chess Club"]
[Date "2007.11.11"]
[Round "4"]
[White "MaunaKeaMike"]
[Black "Frankly"]
[Result "1-0"]
[WhiteElo "1899"]
[BlackElo "1709"]
[Opening "Réti v Dutch"]
[ECO "A04"]
[Time "13:02:59"]
[TimeControl "2700+45"]

1. Nf3 f5 2. d4 Nf6 3. Bf4 d6 4. g3 g6 5. Bg2 Bg7 6. O-O O-O 7. c4 Nc6 8. Nc3
Bd7 9. Re1 Nh5 10. Bg5 h6 11. d5 Na5 12. Bc1 Nxc4 13. Qb3 Nb6 14. e4 Kh7 15.
exf5 Bxf5 16. Nh4 Qd7 17. Nxf5 Qxf5 18. Be3 Qf7 19. Nb5 c6 20. Nc7 Rac8 21. Ne6
Rg8 22. dxc6 Qf5 23. cxb7 Rb8 24. Bxb6 axb6 25. Qxb6 Be5 26. Nd4 Bxd4 27. Qxd4
Rge8 28. a4 Nf6 29. a5 d5 30. a6 e6 31. Re5 Qc2 32. Rae1 Qc6 33. Bf1 Nd7 34.
R5e3 Nb6 35. Qf6 Nd7 36. Qf7+ Kh8 37. Rxe6 Rf8 38. Qxf8+ Nxf8 39. Rxc6 {Black
resigns} 1-0

[Event "Team 45 45 League T35"]
[Site "Internet Chess Club"]
[Date "2007.11.11"]
[Round "4"]
[White "powerchess1"]
[Black "jazzpiano"]
[Result "1/2-1/2"]
[WhiteElo "1654"]
[BlackElo "1827"]
[Opening "Queen's pawn, Mason variation"]
[ECO "D00"]
[Time "22:03:46"]
[TimeControl "2700+45"]

1. d4 d5 2. Bf4 Bf5 3. e3 e6 4. c4 Bxb1 5. Qxb1 Bb4+ 6. Kd1 Bd6 7. Bxd6 Qxd6 8.
c5 Qe7 9. Bd3 Nf6 10. Nf3 Nc6 11. b4 a6 12. a4 O-O 13. Ke2 e5 14. dxe5 Nxe5 15.
h3 Nxd3 16. Qxd3 Rfe8 17. Rhc1 c6 18. Kf1 Ne4 19. Nd2 Qf6 20. Nxe4 Rxe4 21. b5
Rae8 22. bxa6 Rxe3 23. Re1 Rxe1+ 24. Rxe1 Rxe1+ 25. Kxe1 Qa1+ 26. Kd2 bxa6 27.
Qxa6 {Game drawn by mutual agreement} 1/2-1/2

[Event "Team 45 45 League T35"]
[Site "Internet Chess Club"]
[Date "2007.11.09"]
[Round "4"]
[White "nardz"]
[Black "hualpe"]
[Result "1-0"]
[WhiteElo "2253"]
[BlackElo "1833"]
[Opening "Nimzo-Indian: classical, 4...c5"]
[ECO "E38"]
[Time "16:02:13"]
[TimeControl "2700+45"]

1. d4 Nf6 2. c4 e6 3. Nc3 Bb4 4. Qc2 c5 5. dxc5 Qa5 6. Bd2 Qxc5 7. e3 O-O 8. a3
Bxc3 9. Bxc3 Qe7 10. Bd3 h6 11. Nf3 Nc6 12. g4 e5 13. g5 hxg5 14. Nxg5 Ng4 15.
h4 Nd4 16. exd4 exd4+ 17. Qe2 Ne5 18. Bh7+ Kh8 19. Bxd4 Nf3+ 20. Nxf3 Qxe2+ 21.
Kxe2 Kxh7 22. Rhg1 f6 23. Kd2 d6 24. Rae1 Bg4 25. Rxg4 {Black resigns} 1-0

[Event "Team 45 45 League T35"]
[Site "Internet Chess Club"]
[Date "2007.11.10"]
[Round "4"]
[White "alexcluster"]
[Black "lupinus"]
[Result "1-0"]
[WhiteElo "1851"]
[BlackElo "1624"]
[Opening "Queen's pawn game, Darooha variation "]
[ECO "D02"]
[Time "12:56:57"]
[TimeControl "2700+45"]

1. d4 Nf6 2. Nf3 d5 3. c4 e6 4. g3 b6 5. cxd5 Nxd5 6. Bg2 Bb7 7. O-O c5 8. e4
Nf6 9. e5 Nd5 10. dxc5 Bxc5 11. Nc3 O-O 12. Nxd5 Qxd5 13. Qxd5 Bxd5 14. a3 Nc6
15. Re1 Nd4 16. Nxd4 Bxg2 17. Nxe6 Bd5 18. Nxf8 Kxf8 19. Be3 Be7 20. b4 f6 21.
exf6 Bxf6 22. Rad1 Bc6 {Black resigns} 1-0

[Event "Team 45 45 League T35 u"]
[Site "Internet Chess Club"]
[Date "2007.11.12"]
[Round "4"]
[White "AntonioMendonca"]
[Black "PiedraBuena"]
[Result "0-1"]
[WhiteElo "1666"]
[BlackElo "1793"]
[Opening "English, 1...Nf6 (Anglo-Indian defense)"]
[ECO "A13"]
[Time "17:28:54"]
[TimeControl "2700+45"]

1. c4 Nf6 2. g3 d5 3. Bg2 e6 4. Nf3 Nc6 5. cxd5 exd5 6. O-O Bc5 7. d4 Be7 8. Nc3
O-O 9. a3 h6 10. b4 Bf5 11. Bf4 a6 12. e3 Ne4 13. Rc1 Nxc3 14. Rxc3 g5 15. Ne5
gxf4 16. Nxc6 bxc6 17. Rxc6 fxg3 18. fxg3 Bg6 19. Qg4 Bd6 20. Bxd5 Qg5 21. Qf3
Bh5 22. g4 Qxg4+ 23. Qxg4+ Bxg4 24. e4 Bd7 25. Rc3 c6 26. Bxc6 Bxc6 27. Rxc6 Be7
28. Rxh6 Bg5 29. Rd6 Rfd8 30. Rxd8+ Rxd8 31. Kf2 Rxd4 32. Kf3 Rd3+ 33. Kg4 Be7
34. Ra1 Kg7 35. h4 Rd4 36. Kf5 Bxh4 37. Rg1+ Kf8 38. Rg4 Be7 39. e5 Rxg4 40.
Kxg4 Ke8 41. Kf5 Kd7 42. Ke4 Ke6 43. Kd4 Bd8 44. a4 Bb6+ 45. Ke4 Bc7 46. b5 axb5
47. axb5 Bxe5 48. Kd3 Kd5 49. b6 Kc6 50. Ke4 f6 51. b7 Kxb7 52. Kd5 Kc7 53. Ke4
Kd6 54. Kf3 f5 55. Ke2 Kd5 56. Ke3 Bd6 57. Kd3 Ke5 58. Ke3 Kf6 59. Kf3 Kg5 60.
Kg2 Kf4 61. Kf2 Bc5+ 62. Ke2 Kg3 63. Kf1 Kf3 64. Ke1 Bf8 65. Kf1 f4 66. Kg1 Ke2
67. Kg2 f3+ 68. Kg1 f2+ 69. Kg2 f1=B+ 70. Kg1 Bd6 71. Kh1 Bc5 72. Kh2 Kf2 73.
Kh1 Bg2+ 74. Kh2 Bd6# {White checkmated} 0-1

[Event "Team 45 45 League T35"]
[Site "Internet Chess Club"]
[Date "2007.11.11"]
[Round "4"]
[White "mambomex"]
[Black "MPknight"]
[Result "1-0"]
[WhiteElo "1807"]
[BlackElo "1616"]
[Opening "Sicilian: Smith-Morra gambit"]
[ECO "B21"]
[Time "12:09:54"]
[TimeControl "2700+45"]

1. e4 c5 2. d4 cxd4 3. c3 Nc6 4. cxd4 d5 5. Nc3 dxe4 6. d5 Ne5 7. Nxe4 Qa5+ 8.
Nc3 Bg4 9. Qd4 f6 10. Bb5+ Bd7 11. Bxd7+ Nxd7 12. Nf3 Qb6 13. Qe4 Nc5 14. Qc4
Rc8 15. O-O g6 16. b4 Na6 17. Qxc8+ {Black resigns} 1-0

[Event "Team 45 45 League T35"]
[Site "Internet Chess Club"]
[Date "2007.11.11"]
[Round "4"]
[White "Razorbackchess"]
[Black "chessateer"]
[Result "1/2-1/2"]
[WhiteElo "1858"]
[BlackElo "1847"]
[Opening "English: symmetrical variation"]
[ECO "A30"]
[Time "09:06:21"]
[TimeControl "2700+45"]

1. c4 c5 2. g3 d6 3. Bg2 Nc6 4. Nc3 Nf6 5. e4 e5 6. Nge2 Bg4 7. h3 Bxe2 8. Nxe2
Be7 9. O-O O-O 10. d3 Ne8 11. f4 Rb8 12. f5 Bg5 13. Bxg5 Qxg5 14. Qc1 Qxc1 15.
Raxc1 a5 16. a3 f6 17. g4 Nc7 18. Rb1 b5 19. b3 b4 20. a4 Nd4 21. Ng3 Ne8 22.
Bf3 g5 23. fxg6 hxg6 24. h4 Rb7 25. Rb2 Rh7 26. h5 g5 27. Bd1 Nc7 28. Rbf2 Rhf7
29. Nf5 Nxf5 30. exf5 Kh7 {Game drawn by mutual agreement} 1/2-1/2

[Event "Team 45 45 League T35"]
[Site "Internet Chess Club"]
[Date "2007.11.14"]
[Round "4"]
[White "FiendAngelical"]
[Black "Changuito-77"]
[Result "1/2-1/2"]
[WhiteElo "1837"]
[BlackElo "1808"]
[Opening "Ruy Lopez: modern Steinitz defense, 5.O-O"]
[ECO "C72"]
[Time "20:07:14"]
[TimeControl "2700+45"]

1. e4 e5 2. Nf3 Nc6 3. Bb5 a6 4. Ba4 d6 5. O-O Bg4 6. h3 Bd7 7. c3 g6 8. d4 Bg7
9. d5 Nb8 10. Bxd7+ Nxd7 11. c4 Ne7 12. Be3 O-O 13. Nc3 h6 14. Nd2 f5 15. f3 b6
16. b4 Nf6 17. Rc1 Nh5 18. c5 Ng3 19. Re1 Kh7 20. Bf2 Nh5 21. a4 Bf6 22. Nc4 Nc8
23. Re2 Bh4 24. Qe1 Bxf2+ 25. Qxf2 Qg5 26. Rec2 Nf4 27. h4 Nh3+ 28. Kf1 Qxc1+
29. Rxc1 Nxf2 30. Kxf2 bxc5 31. bxc5 Rb8 32. Rc2 Rd8 33. Na5 Ne7 34. c6 Rb4 35.
Nb7 Rb8 36. Ke2 R4xb7 37. cxb7 Rxb7 38. Na2 a5 39. Nc3 Nc8 40. Nb5 Nb6 41. Rxc7+
Rxc7 42. Nxc7 Nxa4 43. Nb5 Kg7 44. Nxd6 Nb6 45. exf5 Nxd5 46. fxg6 Nf4+ 47. Kf2
Nxg6 48. Nc4 a4 49. g3 Kf6 50. Ke2 Ke6 51. Kd2 Ne7 52. g4 Nc6 53. Kc3 Nd4 54.
Nd2 Nc6 55. Kb2 Kd5 56. Ka3 Kd4 57. g5 hxg5 58. hxg5 Ke3 59. Nc4+ Kxf3 60. g6
Kf4 61. Kxa4 Kf5 62. Nxe5 Kxe5 63. g7 Ne7 64. g8=Q Nxg8 {Game drawn because
neither player has mating material} 1/2-1/2

[Event "Team 45 45 League T35"]
[Site "Internet Chess Club"]
[Date "2007.11.13"]
[Round "4"]
[White "rubo"]
[Black "siddhu"]
[Result "1-0"]
[WhiteElo "1722"]
[BlackElo "1783"]
[Opening "Bird's opening"]
[ECO "A03"]
[Time "12:35:45"]
[TimeControl "2700+45"]

1. f4 d5 2. b3 e6 3. Bb2 Nf6 4. Nf3 Nc6 5. e3 Bc5 6. Bb5 Bd7 7. O-O a6 8. Bxc6
Bxc6 9. Ne5 Bd7 10. Qf3 Qe7 11. c4 c6 12. Nc3 Bd6 13. Na4 Bxe5 14. Bxe5 b5 15.
cxb5 axb5 16. Nb6 Ra6 17. Nxd7 Qxd7 18. Qg3 Nh5 19. Qg5 f6 20. Qxh5+ g6 21. Qh6
fxe5 22. fxe5 Rg8 23. Rf6 c5 24. Raf1 Qg7 25. Qh3 Qe7 26. d4 c4 27. bxc4 bxc4
28. Rb1 Kd8 29. Rb8+ Kc7 30. Rxg8 c3 31. Rf2 Qb4 32. Rf7+ Kc6 33. Qxe6+ Kb5 34.
Rb8+ {Black resigns} 1-0

[Event "Team 45 45 League T35"]
[Site "Internet Chess Club"]
[Date "2007.11.11"]
[Round "4"]
[White "OnFire"]
[Black "Electryon"]
[Result "1/2-1/2"]
[WhiteElo "1698"]
[BlackElo "1655"]
[Opening "French: Rubinstein variation"]
[ECO "C10"]
[Time "15:08:56"]
[TimeControl "2700+45"]

1. e4 e6 2. d4 d5 3. Nc3 dxe4 4. Nxe4 Nd7 5. Nf3 Ngf6 6. Bd3 Nxe4 7. Bxe4 c5 8.
O-O Nf6 9. Bg5 h6 10. Bxf6 Qxf6 11. Rb1 Rb8 12. c3 Bd7 13. Ne5 Qd8 14. Qf3 Qf6
15. Bxb7 cxd4 16. cxd4 Bd6 17. Nxd7 Qxf3 18. Bxf3 Kxd7 19. d5 e5 20. a3 Rb3 21.
Bd1 Rd3 22. Ba4+ Ke7 23. Bc6 Rb8 24. Rfe1 f6 25. Red1 Rxd1+ 26. Rxd1 Rxb2 27. a4
Bc5 28. Rf1 Kd6 29. g3 g5 30. Kg2 g4 31. Ba8 Ra2 32. Bc6 e4 33. Kg1 e3 34. fxe3
Bxe3+ 35. Kh1 Rf2 36. Rxf2 Bxf2 37. Kg2 Be3 38. h3 h5 39. hxg4 hxg4 40. Kf1 f5
41. Ke2 f4 42. gxf4 Bxf4 43. Kf2 Kc5 44. a5 Kd4 45. a6 Kd3 46. Bb7 Kd2 47. Bc6
{Game drawn by mutual agreement} 1/2-1/2